BR
LONG BEACH KO @ SAN FRANCISCO MACHO MEN
08/15/2026
 
TOP OF THE 1ST
Long Beach KO batting - Pitching for Fremont Cyclones : RHP Larry Johnston
Pitching: RHP Larry Johnston
Batting: RHB Jorge Molina 0-0: Swinging Strike
0-1: Swinging Strike
0-2: Strikes out swinging
Batting: RHB Robert Stevens 0-0: Ball
1-0: Called Strike
1-1: Ball
2-1: Ground out 6-3 (Groundball, 6M)
Batting: RHB Kenny Pruitt 0-0: Ball
1-0: Swinging Strike
1-1: Called Strike
1-2: Ball
2-2: Strikes out swinging
Top of the 1st over - 0 run(s), 0 hit(s), 0 error(s), 0 left on base; Long Beach 0 - Fremont 0
BOTTOM OF THE 1ST
Fremont Cyclones batting - Pitching for Long Beach KO : LHP Salvador Pérez
Pitching: LHP Salvador Pérez
Batting: RHB Jaime Delgado 0-0: Ball
1-0: SINGLE (Groundball, 34D) (infield hit)
Batting: LHB Ernesto Hernández 0-0: Ball
1-0: Hit by Pitch
Jaime Delgado to second
Batting: RHB Juan Estrada 0-0: Ball
1-0: Fly out, F8 (Flyball, 78D)
Batting: RHB Ronald Smith 0-0: Grounds into double play, 5-4-3 (Groundball, 5)
Bottom of the 1st over - 0 run(s), 1 hit(s), 0 error(s), 1 left on base; Long Beach 0 - Fremont 0
TOP OF THE 2ND
Long Beach KO batting - Pitching for Fremont Cyclones : RHP Larry Johnston
Batting: RHB Ben Simpson 0-0: Ball
1-0: Ball
2-0: Called Strike
2-1: Ball
3-1: SINGLE (Line Drive, 6MD)
Batting: RHB Scott Wise 0-0: Called Strike
0-1: Fly out, F7 (Flyball, 7M)
Batting: LHB Walt Brown 0-0: Swinging Strike
0-1: Called Strike
0-2: Ball
1-2: Ground out 4-3 (Groundball, 4S)
Ben Simpson to second
Batting: RHB Juan Rodríguez 0-0: Swinging Strike
0-1: Foul Ball, location: 2F
0-2: Ball
1-2: Ground out 5-3 (Groundball, 5S)
Top of the 2nd over - 0 run(s), 1 hit(s), 0 error(s), 1 left on base; Long Beach 0 - Fremont 0
BOTTOM OF THE 2ND
Fremont Cyclones batting - Pitching for Long Beach KO : LHP Salvador Pérez
Batting: RHB Pablo Pineda 0-0: Called Strike
0-1: Swinging Strike
0-2: Ball
1-2: Ball
2-2: SINGLE (Groundball, 4S)
Batting: RHB Carlos Rosales 0-0: Called Strike
0-1: Ball
1-1: 2-RUN HOME RUN (Flyball, 7LD), Distance : 354 ft
Batting: RHB Nelson Burton 0-0: Called Strike
0-1: Foul Ball, location: 2F
0-2: Ball
1-2: SINGLE (Line Drive, 56D)
Batting: LHB Clayton Bailey 0-0: Called Strike
0-1: Ball
1-1: Called Strike
1-2: Foul Ball, location: 2F
1-2: Ball
2-2: Fly out, F6 (Popup, 56D)
Batting: LHB Lou Goeble 0-0: Ball
1-0: Reached on error, E4 (Groundball, 4)
Nelson Burton to second
Batting: RHB Jaime Delgado 0-0: Ball
1-0: Foul Ball, location: 2F
1-1: Swinging Strike
1-2: Strikes out swinging
Batting: LHB Ernesto Hernández 0-0: Ball
1-0: Called Strike
1-1: Swinging Strike
1-2: Foul Ball, location: 2F
1-2: Foul Ball, location: 2F
1-2: Strikes out looking
Bottom of the 2nd over - 2 run(s), 3 hit(s), 1 error(s), 2 left on base; Long Beach 0 - Fremont 2
TOP OF THE 3RD
Long Beach KO batting - Pitching for Fremont Cyclones : RHP Larry Johnston
Now in CF: Robinson Fernández
Batting: RHB Juan Herrera 0-0: Ball
1-0: Called Strike
1-1: Foul Ball, location: 2F
1-2: Strikes out swinging
Batting: RHB Francisco López 0-0: Called Strike
0-1: Ball
1-1: Ball
2-1: DOUBLE (Line Drive, 9LM) - OUT at third base trying to stretch hit.
Batting: RHB Jorge Molina 0-0: SINGLE (Flyball, 8LS)
Batting: RHB Robert Stevens 0-0: Ball
1-0: Called Strike
1-1: Ball
2-1: Ball
3-1: Called Strike
3-2: Base on Balls
Jorge Molina to second
Batting: RHB Kenny Pruitt 0-0: Ball
1-0: Fly out, F8 (Flyball, 8RD)
Top of the 3rd over - 0 run(s), 2 hit(s), 0 error(s), 2 left on base; Long Beach 0 - Fremont 2
BOTTOM OF THE 3RD
Fremont Cyclones batting - Pitching for Long Beach KO : LHP Salvador Pérez
Batting: RHB Juan Estrada 0-0: Ball
1-0: SINGLE (Line Drive, 7S)
Batting: RHB Ronald Smith 0-0: Ball
1-0: Called Strike
1-1: Ball
2-1: Called Strike
2-2: Foul Ball, location: 2F
2-2: Foul Ball, location: 2F
2-2: Fly out, F4 (Popup, 4MD)
Batting: RHB Pablo Pineda 0-0: Ball
1-0: Called Strike
1-1: Ball
2-1: Ball
3-1: DOUBLE (Line Drive, 78M)
Juan Estrada to third
Runner from 3rd tries for Home, SAFE, no throw or cutoff
Batting: RHB Carlos Rosales 0-0: Ball
1-0: Called Strike
1-1: Ball
2-1: Swinging Strike
2-2: Strikes out swinging
Batting: RHB Nelson Burton 0-0: Called Strike
0-1: Ball
1-1: Ball
2-1: Foul Ball, location: 2F
2-2: Ball
3-2: Base on Balls
Batting: LHB Clayton Bailey 0-0: Foul Ball, location: 2F
0-1: Foul Ball, location: 2F
0-2: Ball
1-2: Ball
2-2: Fly out, F3 (Line Drive, 3S)
Bottom of the 3rd over - 1 run(s), 2 hit(s), 0 error(s), 2 left on base; Long Beach 0 - Fremont 3
TOP OF THE 4TH
Long Beach KO batting - Pitching for Fremont Cyclones : RHP Larry Johnston
Batting: RHB Ben Simpson 0-0: SINGLE (Groundball, 6MD)
Batting: RHB Scott Wise 0-0: Swinging Strike
0-1: Called Strike
0-2: Strikes out swinging
Batting: LHB Walt Brown 0-0: Foul Ball, location: 2F
0-1: Called Strike
0-2: Strikes out swinging
Batting: RHB Juan Rodríguez 0-0: Called Strike
0-1: Ball
1-1: Swinging Strike
1-2: Ball
2-2: Ground out 4-3 (Groundball, 4MS)
Top of the 4th over - 0 run(s), 1 hit(s), 0 error(s), 1 left on base; Long Beach 0 - Fremont 3
BOTTOM OF THE 4TH
Fremont Cyclones batting - Pitching for Long Beach KO : LHP Salvador Pérez
Batting: LHB Lou Goeble 0-0: SINGLE (Groundball, 34)
Batting: RHB Jaime Delgado 0-0: Called Strike
0-1: Grounds into double play, 5-4-3 (Groundball, 56)
Batting: RHB Robinson Fernández 0-0: SINGLE (Line Drive, 8LS)
Batting: RHB Juan Estrada 0-0: Called Strike
Robinson Fernández steals 2nd base
0-1: Called Strike
0-2: Foul Ball, location: 2F
0-2: Ball
1-2: Strikes out swinging
Bottom of the 4th over - 0 run(s), 2 hit(s), 0 error(s), 1 left on base; Long Beach 0 - Fremont 3
TOP OF THE 5TH
Long Beach KO batting - Pitching for Fremont Cyclones : RHP Larry Johnston
Batting: RHB Juan Herrera 0-0: Called Strike
0-1: Swinging Strike
0-2: Fly out, F9 (Flyball, 89M)
Batting: RHB Francisco López 0-0: Fly out, F8 (Flyball, 8RS)
Batting: RHB Jorge Molina 0-0: Foul Ball, location: 2F
0-1: Swinging Strike
0-2: Strikes out swinging
Top of the 5th over - 0 run(s), 0 hit(s), 0 error(s), 0 left on base; Long Beach 0 - Fremont 3
BOTTOM OF THE 5TH
Fremont Cyclones batting - Pitching for Long Beach KO : LHP Salvador Pérez
Batting: RHB Ronald Smith 0-0: Ball
1-0: Ball
2-0: Called Strike
2-1: Called Strike
2-2: DOUBLE (Line Drive, 89M)
Batting: RHB Pablo Pineda 0-0: Intentional Walk
Pitching: RHP Máximo Salazar
Batting: RHB Carlos Rosales 0-0: Swinging Strike
0-1: Swinging Strike
0-2: Ball
1-2: Foul Ball, location: 2F
1-2: Ball
2-2: Foul Ball, location: 2F
2-2: Strikes out swinging
Batting: RHB Nelson Burton 0-0: Ball
1-0: Ball
2-0: Foul Ball, location: 2F
2-1: SINGLE (Groundball, 56D)
Ronald Smith to third
Pablo Pineda to second
Batting: LHB Clayton Bailey 0-0: Called Strike
0-1: Ball
1-1: Ball
2-1: SINGLE (Line Drive, 7S)
Ronald Smith scores
Pablo Pineda to third
Nelson Burton to second
Runner from 3rd tries for Home, SAFE, throw made home
Nelson Burton to third
Clayton Bailey to second
Batting: LHB Lou Goeble 0-0: Swinging Strike
0-1: Called Strike
0-2: DOUBLE (Line Drive, 7LM)
Nelson Burton scores
Clayton Bailey scores
Batting: RHB Jaime Delgado 0-0: Foul Ball, location: 2F
0-1: Ball
1-1: Ball
2-1: Foul Ball, location: 2F
2-2: Strikes out swinging
Batting: RHB Robinson Fernández 0-0: Ball
1-0: Swinging Strike
1-1: Ball
2-1: Swinging Strike
2-2: Foul Ball, location: 2F
2-2: Strikes out swinging
Bottom of the 5th over - 4 run(s), 4 hit(s), 0 error(s), 1 left on base; Long Beach 0 - Fremont 7
TOP OF THE 6TH
Long Beach KO batting - Pitching for Fremont Cyclones : RHP Larry Johnston
Batting: RHB Robert Stevens 0-0: Ball
1-0: Swinging Strike
1-1: Ball
2-1: Foul Ball, location: 2F
2-2: Strikes out swinging
Batting: RHB Kenny Pruitt 0-0: Ball
1-0: Foul Ball, location: 2F
1-1: SOLO HOME RUN (Flyball, 9D), Distance : 354 ft
Batting: RHB Ben Simpson 0-0: Called Strike
0-1: Ball
1-1: Ball
2-1: Called Strike
2-2: Strikes out looking
Batting: RHB Scott Wise 0-0: Ball
1-0: Ball
2-0: Reached on error, E5 (Groundball, 5)
Batting: LHB Walt Brown 0-0: Swinging Strike
0-1: Ball
1-1: Foul Ball, location: 2F
1-2: Foul Ball, location: 2F
1-2: SINGLE (Line Drive, 78S)
Scott Wise to second
Pitching: LHP Robert Griggs
Batting: RHB Juan Rodríguez 0-0: Swinging Strike
0-1: Ball
1-1: Called Strike
1-2: Strikes out swinging
Top of the 6th over - 1 run(s), 2 hit(s), 1 error(s), 2 left on base; Long Beach 1 - Fremont 7
BOTTOM OF THE 6TH
Fremont Cyclones batting - Pitching for Long Beach KO : RHP Máximo Salazar
Batting: RHB Juan Estrada 0-0: SINGLE (Flyball, 8RS)
Batting: RHB Ronald Smith 0-0: Ball
1-0: Foul Ball, location: 2F
1-1: Ball
2-1: Called Strike
2-2: Strikes out swinging
Batting: RHB Pablo Pineda 0-0: Foul Ball, location: 2F
0-1: Fly out, F8 (Flyball, 8RS)
Batting: RHB Carlos Rosales 0-0: Swinging Strike
0-1: Swinging Strike
0-2: Foul Ball, location: 2F
0-2: Foul Ball, location: 2F
0-2: SINGLE (Flyball, 8LS)
Juan Estrada to second
Runner from 2nd tries for 3rd, SAFE, throw made to third
Batting: RHB Nelson Burton 0-0: Swinging Strike
0-1: Swinging Strike
0-2: Ball
1-2: Strikes out looking
Bottom of the 6th over - 0 run(s), 2 hit(s), 0 error(s), 2 left on base; Long Beach 1 - Fremont 7
TOP OF THE 7TH
Long Beach KO batting - Pitching for Fremont Cyclones : LHP Robert Griggs
Batting: RHB Juan Herrera 0-0: Ball
1-0: Ball
2-0: SINGLE (Groundball, 34D)
Batting: RHB Francisco López 0-0: Called Strike
0-1: Swinging Strike
0-2: Foul Ball, location: 2F
0-2: Ball
1-2: Ball
2-2: Ball
3-2: Grounds into double play, 4-6-3 (Groundball, 4)
Batting: RHB Jorge Molina 0-0: Ground out 6-3 (Groundball, 6)
Top of the 7th over - 0 run(s), 1 hit(s), 0 error(s), 0 left on base; Long Beach 1 - Fremont 7
BOTTOM OF THE 7TH
Fremont Cyclones batting - Pitching for Long Beach KO : RHP Máximo Salazar
Pitching: LHP Leonard Simmons
Batting: LHB Clayton Bailey 0-0: Foul Ball, location: 2F
0-1: Foul Ball, location: 2F
0-2: Strikes out swinging
Batting: LHB Lou Goeble 0-0: Ground out 4-3 (Groundball, 34)
Batting: RHB Jaime Delgado 0-0: Hit by Pitch
Batting: RHB Robinson Fernández 0-0: Ball
1-0: Called Strike
1-1: Reached on error, E4 (Groundball, 4)
Jaime Delgado to third
Batting: RHB Juan Estrada 0-0: Ball
1-0: Ball
2-0: Called Strike
2-1: Ball
3-1: Swinging Strike
3-2: Strikes out swinging
Bottom of the 7th over - 0 run(s), 0 hit(s), 1 error(s), 2 left on base; Long Beach 1 - Fremont 7
TOP OF THE 8TH
Long Beach KO batting - Pitching for Fremont Cyclones : LHP Robert Griggs
Batting: RHB Robert Stevens 0-0: Called Strike
0-1: Foul Ball, location: 2F
0-2: Ball
1-2: Ball
2-2: Foul Ball, location: 2F
2-2: Ground out 5-3 (Groundball, 56S)
Batting: RHB Kenny Pruitt 0-0: Foul Ball, location: 2F
0-1: Ball
1-1: Ball
2-1: Swinging Strike
2-2: Foul Ball, location: 2F
2-2: Foul Ball, location: 2F
2-2: Strikes out swinging
Batting: RHB Ben Simpson 0-0: Ball
1-0: Ground out 6-3 (Groundball, 6)
Top of the 8th over - 0 run(s), 0 hit(s), 0 error(s), 0 left on base; Long Beach 1 - Fremont 7
BOTTOM OF THE 8TH
Fremont Cyclones batting - Pitching for Long Beach KO : LHP Leonard Simmons
Batting: RHB Ronald Smith 0-0: Called Strike
0-1: Foul Ball, location: 2F
0-2: SINGLE (Line Drive, 56D)
Batting: RHB Pablo Pineda 0-0: Ball
1-0: Ball
2-0: Ball
3-0: Base on Balls
Ronald Smith to second
Batting: RHB Carlos Rosales 0-0: Ball
1-0: Swinging Strike
1-1: Ball
2-1: Sac Bunt - play at first, batter OUT! 1-4
Ronald Smith to third
Pablo Pineda to second
Batting: RHB Nelson Burton 0-0: Ball
1-0: SINGLE (Line Drive, 8LS)
Ronald Smith scores
Pablo Pineda to third
Batting: LHB Clayton Bailey 0-0: Ball
Passed Ball!
Pablo Pineda scores
Nelson Burton to second
1-0: Called Strike
1-1: Ball
2-1: Ball
3-1: Called Strike
3-2: Strikes out looking
Batting: LHB Lou Goeble 0-0: Ball
1-0: Ball
2-0: Ball
3-0: SINGLE (Groundball, 25) (infield hit)
Nelson Burton to third
Batting: RHB Jaime Delgado 0-0: Ground out 6-3 (Groundball, 6)
Bottom of the 8th over - 2 run(s), 3 hit(s), 0 error(s), 2 left on base; Long Beach 1 - Fremont 9
TOP OF THE 9TH
Long Beach KO batting - Pitching for Fremont Cyclones : LHP Robert Griggs
Batting: RHB Scott Wise 0-0: Called Strike
0-1: SINGLE (Groundball, 13) (infield hit)
Batting: LHB Walt Brown 0-0: Ball
1-0: Foul Ball, location: 2F
1-1: Ball
2-1: Grounds out, U3 (Groundball, 3L)
Batting: RHB Juan Rodríguez 0-0: Ball
1-0: Ball
2-0: Called Strike
2-1: Fly out, F6 (Popup, 6MD)
Batting: RHB Juan Herrera 0-0: Ball
1-0: Foul Ball, location: 2F
1-1: Ball
2-1: Ball
3-1: Called Strike
3-2: Ground out 6-3 (Groundball, 6)
Top of the 9th over - 0 run(s), 1 hit(s), 0 error(s), 1 left on base; Long Beach 1 - Fremont 9
Monday, December 5th, 2016 - OOTP Baseball 17.12 Build 75